 Dungeon Crawl Stone Soup version 0.27-a0-1256-gced786f65e (webtiles) character file.

Game seed: 11136979740779024871

1460 porpoise the Conjurer (level 8, -4/49 HPs)
             Began as a Deep Elf Conjurer on June 11, 2021.
             Slain by a steam dragon (10 damage)
             ... on level 6 of the Dungeon.
             The game lasted 00:18:57 (6291 turns).

porpoise the Conjurer (Deep Elf Conjurer)           Turns: 6291, Time: 00:18:58

Health: -4/49      AC:  3    Str:  4    XL:     8   Next: 48%
Magic:  9/17       EV: 13    Int: 26    God:
Gold:   337        SH:  0    Dex: 13    Spells: 6/17 levels left

rFire    . . .     SeeInvis .   b - +0 hunting sling
rCold    . . .     Faith    .   (no shield)
rNeg     . . .     Spirit   .   g - +0 robe
rPois    +         Reflect  .   (no helmet)
rElec    .         Harm     .   l - +0 cloak
rCorr    .         Rampage  .   (no gloves)
Will     +....                  (no boots)
Stlth    ++........             (no amulet)
HPRegen  0.16/turn              q - ring of poison resistance
MPRegen  0.15/turn              y - ring of willpower

@: very slightly contaminated
A: no striking features
a: no special abilities


You were on level 6 of the Dungeon.
You visited 1 branch of the dungeon, and saw 6 of its levels.

You collected 337 gold pieces.

Inventory:

Hand Weapons
 a - a +2 short sword of draining
 b - a +0 hunting sling (weapon)
 k - a +2 whip of venom
Missiles
 n - 87 bolts
 w - 71 sling bullets (quivered ammo)
 x - 35 arrows
 z - 77 stones
 D - 6 boomerangs
 H - 12 poisoned darts
Armour
 g - a +0 robe (worn)
 l - a +0 cloak (worn)
 o - a +1 leather armour of poison resistance
Jewellery
 q - a ring of poison resistance (left hand)
 r - a ring of protection from cold
 s - a ring of flight
 y - a ring of willpower (right hand)
Scrolls
 c - a scroll of enchant weapon {unknown}
 d - a scroll of enchant armour {unknown}
 f - 3 scrolls of fog
 p - a scroll of magic mapping
 t - a scroll of teleportation
 u - a scroll of blinking {unknown}
 E - a scroll of amnesia {unknown}
 G - a scroll of noise {unknown}
 I - a scroll of silence {unknown}
Potions
 e - 2 potions of curing
 h - 2 potions of cancellation
 i - 2 potions of heal wounds
 j - 3 potions of might {unknown}
 m - 2 potions of haste
 v - 2 potions of resistance {unknown}
 A - 2 potions of attraction {unknown}
 B - a potion of berserk rage {unknown}
 C - 2 potions of mutation {unknown}
 F - 2 potions of brilliance {unknown}


   Skills:
 - Level 5.0 Fighting
 + Level 3.4 Dodging
 - Level 2.4 Stealth
 - Level 5.0 Spellcasting
 - Level 7.0 Conjurations
 + Level 4.4 Hexes
 - Level 5.0 Translocations


You had 6 spell levels left.
You knew the following spells:

 Your Spells              Type           Power      Damage    Failure   Level
a - Magic Dart            Conj           100%       1d8       1%          1
b - Searing Ray           Conj           84%        3d6       1%          2
c - Iskenderun's Mystic   Conj/Tloc      37%        2d9       6%          4
d - Fulminant Prism       Conj/Hex       18%        3d11      8%          4

Your spell library contained the following spells:

 Spells                   Type           Power      Damage    Failure   Level
 Shock                    Conj/Air       96%        1d9       1%          1
 Static Discharge         Conj/Air       24%        N/A       2%          2
 Dazzling Flash           Conj/Hex       72%        N/A       2%          3
 Animate Skeleton         Necr           12%        N/A       8%          1
 Pain                     Necr           24%        1d5       8%          1
 Swiftness                Air            6%         N/A       22%         3
 Vampiric Draining        Necr           3%         2d6       22%         3
 Lightning Bolt           Conj/Air       12%        1d25      45%         5
 Airstrike                Air            3%         N/A       58%         4
 Animate Dead             Necr           3%         N/A       58%         4
 Agony                    Necr           6%         N/A       91%         5


Dungeon Overview and Level Annotations

Branches:
Dungeon (6/15)
 Temple: D:4-7

Altars:
Elyvilon
Gozag
Hepliaklqana
Nemelex Xobeh
Trog
Wu Jian
Zin

Annotations:
D:5 1 exclusion


Message History

Found a plate armour.
Found a stone staircase leading up.
There is a stone staircase leading up here.
Found an opulent altar of Gozag.
Found a leather armour.
You see here a +0 leather armour.
There is an opulent altar of Gozag here.
A steam dragon comes into view.
The steam dragon breathes steam at you. The ball of steam hits you!
Casting: Magic Dart (safe; 1% risk of failure)
Confirm with . or Enter, or press ? or * to list all spells.
Aiming: Searing Ray (safe; 1% risk of failure)
Press: ? - help, Shift-Dir - straight line, f - steam dragon
Aim: a steam dragon (catching its breath, 82% to hit)
The searing ray misses the steam dragon. (Press . to maintain the ray.)
You are engulfed in a cloud of scalding steam.
The steam dragon closely misses you. x2
The searing ray misses the steam dragon.
You are engulfed in a cloud of scalding steam.
The steam dragon barely misses you. The steam dragon closely misses you.
The searing ray hits the steam dragon!
The steam dragon is moderately wounded.
You are engulfed in a cloud of scalding steam.
The steam dragon bites you. The steam dragon misses you.
The searing ray hits the steam dragon!
The steam dragon is heavily wounded.
You finish channeling your searing ray.
The steam dragon misses you. The steam dragon claws you.
Casting: Searing Ray (safe; 1% risk of failure)
Confirm with . or Enter, or press ? or * to list all spells.
You miscast Iskenderun's Mystic Blast.
You are very lightly contaminated with residual magic.
Nothing appears to happen.
The steam dragon bites you!
* * * LOW HITPOINT WARNING * * *
The steam dragon claws you.
* * * LOW HITPOINT WARNING * * *
The steam dragon bites you!
You die...

...###.##..## ##.#.......#
)......##..# #.#.......#
...######..# #....._...^
##.######..# ######
#.#.......#
#.........####....#
##.#.......# #####
##....<.##.###..#.......#
#..#######.##..####^#### #..#
#D#.#.#...........
######..####@.##.#.#######.##
....[......####.##.# #...
###.#...#..###.###.# #...
#.#...#..##.####.# ##.#
#........#.##.[#.# ##.#
#.#......#.#.#.#.# #...
#.##.##.###.####.#######..#
#.##.##.# ##_##........#
#.......# ####..#####.#..


You could see a steam dragon.

Vanquished Creatures
  Sigmund (D:2)
  Eustachio (D:4)
  Edmund (D:6)
  A centaur (D:5)
  A kobold brigand (D:6)
  3 jellies
  5 wights (D:4)
  A howler monkey (D:5)
  2 bullfrog zombies (D:6)
  3 hounds
  A bullfrog skeleton (D:6)
  An orc priest (D:5)
  Crazy Yiuf (D:2)
  A centaur skeleton (D:6)
  2 iguanas
  2 orc wizards (D:3)
  3 hound skeletons
  4 adders
  A shadow imp (D:5)
  2 white imps (D:6)
  2 ufetubi (D:4)
  A worm (D:2)
  2 dart slugs
  17 orcs
  7 endoplasms
  4 giant cockroaches
  5 goblins
  2 hobgoblins
  4 jackals (D:4)
  2 quokkas (D:2)
  3 ball pythons
  3 bats
  3 frilled lizards
  9 kobolds
  6 rats
107 creatures vanquished.

Vanquished Creatures (others)
  A fulminant prism (D:6)
1 creature vanquished.

Grand Total: 108 creatures vanquished

Notes
Turn   | Place    | Note
-------+----------+-------------------------------------------
     0 | D:1      | porpoise the Deep Elf Conjurer began the quest for the Orb.
     0 | D:1      | Reached XP level 1. HP: 10/10 MP: 6/6
    15 | D:1      | Found a faded altar of an unknown god.
   155 | D:1      | Reached XP level 2. HP: 12/15 MP: 5/8
   199 | D:1      | Learned a level 2 spell: Searing Ray
   991 | D:2      | Noticed Sigmund
   997 | D:2      | Killed Sigmund
   998 | D:2      | Reached skill level 5 in Spellcasting
   998 | D:2      | Reached skill level 6 in Conjurations
   998 | D:2      | Reached XP level 3. HP: 12/19 MP: 0/11
   998 | D:2      | Reached XP level 4. HP: 16/24 MP: 0/13
   998 | D:2      | Reached XP level 5. HP: 18/28 MP: 0/14
  1003 | D:2      | Learned a level 4 spell: Iskenderun's Mystic Blast
  1008 | D:2      | Learned a level 4 spell: Fulminant Prism
  1270 | D:2      | Found a sparkling altar of Nemelex Xobeh.
  1494 | D:2      | Found a runed translucent door.
  1495 | D:2      | Noticed Crazy Yiuf
  1500 | D:2      | Killed Crazy Yiuf
  1501 | D:2      | Reached skill level 1 in Fighting
  1990 | D:3      | Reached XP level 6. HP: 34/34 MP: 7/15
  2115 | D:3      | Found a hazy altar of Hepliaklqana.
  2181 | D:3      | Reached skill level 7 in Conjurations
  2717 | D:4      | Reached skill level 1 in Translocations
  2862 | D:4      | Reached XP level 7. HP: 40/40 MP: 11/16
  3117 | D:4      | Found a white marble altar of Elyvilon.
  3688 | D:4      | Noticed Eustachio
  3703 | D:4      | Killed Eustachio
  3968 | D:5      | Entered Level 5 of the Dungeon
  4680 | D:5      | Reached skill level 5 in Translocations
  4680 | D:5      | Reached XP level 8. HP: 48/48 MP: 13/17
  4712 | D:5      | Noticed a moth of wrath
  4715 | D:5      | Found a bloodstained altar of Trog.
  4916 | D:5      | Reached skill level 1 in Hexes
  5027 | D:5      | Noticed a gargoyle
  5335 | D:6      | Found a glowing silver altar of Zin.
  5708 | D:6      | Reached skill level 5 in Fighting
  5900 | D:6      | Found an ornate altar of the Wu Jian Council.
  5907 | D:6      | Noticed a spectral centipede
  5907 | D:6      | Noticed a spectral black mamba
  6036 | D:6      | Noticed Edmund
  6056 | D:6      | Killed Edmund
  6264 | D:6      | Found an opulent altar of Gozag.
  6291 | D:6      | Slain by a steam dragon

Illustrated notes

Levels and vault maps discovered:
D:1:      mrwooster_arrival_statue, layout_basic, basic_ecumenical_altar
D:2:      layout_loops_ring, basic_altar, uniq_crazy_yiuf_cottage, uniq_sigmund
D:3:      layout_basic, lemuel_doored_altar
D:4:      layout_basic, elyvilon_altar_4, minmay_unequal, uniq_eustachio
D:5:      layout_basic, tgw_trog, serial_rivers, chequers_serial_rivers_room_b,
          chequers_serial_rivers_large_b, chequers_serial_rivers_room_b,
          chequers_serial_rivers_room_b, chequers_serial_rivers_room_a,
          chequers_serial_rivers_marsh, lightli_corner_chamber
D:6:      layout_loops_corners, marbit_many_paths, lemuel_tele_altar,
          pdpol_wu_jian_five_deadly_venoms, uniq_edmund, uniq_prince_ribbit1

Skill      XL: |  1  2  3  4  5  6  7  8 |
---------------+-------------------------+-----
Spellcasting   | 5 |  5.0
Conjurations   | 6 7 |  7.0
Fighting       | 1 2 4 5 |  5.0
Translocations | 2 5 |  5.0
Hexes          | 4 |  4.4
Dodging        | 3 |  3.4
Stealth        | |  2.4

Action                   |  1- 3 |  4- 6 |  7- 9 || total
-------------------------+-------+-------+-------++-------
Melee: Dagger            |     5 |       |       ||     5
       Whip              |       |     8 |       ||     8
       Short sword       |       |       |     7 ||     7
 Fire: Hunting sling     |       |       |    21 ||    21
 Cast: Magic Dart        |    24 |    27 |    11 ||    62
       Searing Ray       |     3 |    16 |    39 ||    58
       Iskenderun's Myst |       |       |     4 ||     4
       Fulminant Prism   |       |       |     1 ||     1
  Use: Scroll            |       |     4 |     3 ||     7
 Stab: Sleeping          |     1 |     1 |       ||     2
Armor: Robe              |       |     1 |     2 ||     3
Dodge: Dodged            |     5 |     2 |    16 ||    23

Table legend: (Time is in decaauts)
 A = Elapsed time spent in this place.
 B = Non-inter-level travel time spent in this place.
 C = Inter-level travel time spent in this place.
 D = Time resting spent in this place.
 E = Time spent auto-exploring this place.
 F = Levels seen in this place.
 G = Mean time per level.
                   A        B        C        D        E       F      G
               +--------+--------+--------+--------+--------+-----+--------+
         Total |   6331 |   6133 |    198 |   2201 |   3296 |   6 | 1055.2 |
       Dungeon |   6331 |   6133 |    198 |   2201 |   3296 |   6 | 1055.2 |
               +--------+--------+--------+--------+--------+-----+--------+

Top non-repeatable levels by time:
     D:4: 1311 daAuts
     D:5: 1220 daAuts
     D:6: 1146 daAuts
     D:2: 1057 daAuts
     D:1: 874 daAuts
     D:3: 721 daAuts
